 Dungeon Crawl Stone Soup version 0.18.1-50-g88ac8fd (webtiles) character file.

1109 spiff the Slasher (level 8, -8/55 HPs)
             Began as a Halfling Warper on Sept 29, 2016.
             Mangled by Prince Ribbit (14 damage)
             ... on level 5 of the Dungeon.
             The game lasted 00:15:32 (6504 turns).

spiff the Slasher (Halfling Warper)                 Turns: 6504, Time: 00:15:33

Health: -8/55      AC:  4    Str: 11    XL:     8   Next: 59%
Magic:  9/10       EV: 17    Int: 12    God:
Gold:   182        SH:  0    Dex: 16    Spells: 3 memorised, 5 levels left

rFire  . . .     SeeInvis .     a - +0 falchion
rCold  . . .     Gourm    .     b - +0 leather armour
rNeg   . . .     Faith    .     (shield restricted)
rPois  .         Spirit   .     (helmet restricted)
rElec  .         Dismiss  .     B - +0 cloak
rCorr  .         Reflect  .     (no gloves)
SustAt +         Harm     .     (no boots)
MR     .....                    i - amulet of rage
Stlth  +.........               (no ring)
                                g - ring of sustain attributes

@: not resistant to hostile enchantments, very unstealthy
A: horns 1, deterioration 1, mutation resistance 1
a: Evoke Berserk Rage


You were on level 5 of the Dungeon.
You were hungry.

You visited 1 branch of the dungeon, and saw 5 of its levels.

You collected 182 gold pieces.

Inventory:

Hand Weapons
 a - a +0 falchion (weapon)
Missiles
 e - 5 tomahawks of dispersal (quivered)
 r - 4 tomahawks
Armour
 b - a +0 leather armour (worn)
 B - a +0 cloak (worn)
Jewellery
 g - a ring of sustain attributes (left hand)
 i - an amulet of rage (around neck)
 v - an uncursed ring of wizardry {unknown}
Wands
 s - a wand of flame (35/48)
Scrolls
 d - 4 scrolls of blinking
 h - a scroll of fear {unknown}
 m - a scroll of remove curse {unknown}
 o - 3 scrolls of identify {unknown}
 p - a scroll of teleportation {unknown}
 u - a scroll of noise {unknown}
 x - a scroll of fog {unknown}
 z - 2 scrolls of magic mapping {unknown}
 A - a scroll of enchant armour {unknown}
Potions
 k - a potion of curing
 l - a potion of haste {unknown}
 n - 3 potions of lignification {unknown}
 q - a potion of flight {unknown}
 t - a potion of degeneration {unknown}
 w - a potion of mutation
 C - a potion of heal wounds {unknown}
 F - a potion of might {unknown}
Books
 c - a book of Spatial Translocations

   Spells                             Type                      Level
   a - Apportation                    Translocation                1
   b - Blink                          Translocation                2
   c - Shroud of Golubria             Charms/Translocation         2
   d - Portal Projectile              Translocation                3
   e - Teleport Other                 Translocation                3
   f - Passage of Golubria            Translocation                4
Comestibles
 f - 2 bread rations
 j - a beef jerky
 D - 3 meat rations
 G - a royal jelly


   Skills:
 - Level 5.1 Fighting
 - Level 7.0 Long Blades
 - Level 1.1 Throwing
 - Level 1.1 Armour
 + Level 5.0 Dodging
 - Level 1.5 Spellcasting
 - Level 3.2 Translocations


You had 5 spell levels left.
You knew the following spells:

 Your Spells              Type           Power        Failure   Level  Hunger
a - Apportation           Tloc           #.........   12%         1    ##.....
b - Blink                 Tloc           N/A          17%         2    ###....
c - Shroud of Golubria    Chrm/Tloc      #.........   30%         2    ###....


Dungeon Overview and Level Annotations

Branches:
Dungeon (5/15)
 Temple: D:4-7

Altars:

Shops:
D:4 [

Annotations:
D:5 Prince Ribbit


Innate Abilities, Weirdness & Mutations

You are small and have problems with some larger weapons.
You are somewhat resistant to further mutation.
You have a pair of small horns on your head.
Your body sometimes deteriorates upon taking damage.


Message History

Prince Ribbit hits you!
You barely miss Prince Ribbit. Your headbutt misses Prince Ribbit.
Prince Ribbit is lightly wounded.
Your shroud bends Prince Ribbit's attack away!
You fail to use your ability.
Prince Ribbit hits you. Prince Ribbit hits you!
You hit Prince Ribbit. You headbutt Prince Ribbit!
Prince Ribbit is moderately wounded.
Prince Ribbit misses you.
You closely miss Prince Ribbit.
Prince Ribbit is moderately wounded.
Your shroud unravels.
Prince Ribbit completely misses you.
You fail to use your ability.
Prince Ribbit hits you!
* * * LOW HITPOINT WARNING * * *
Prince Ribbit hits you.
* * * LOW HITPOINT WARNING * * *
You completely miss Prince Ribbit.
Prince Ribbit is moderately wounded.
Prince Ribbit hits you!
You die...

###.###....#####..# ##....## .
#.# ##....####..###.....## #
### #...........#.......# #
#..............#....###
###....................##
##........................
###..###..............<.....
###..#####...F......###...###.
#..### ##....@.....####...# ##
#### ###.........).##.....## #
#.....................###
#........#...............##
#..########..#######.......
#.# #.## #..###.. #### #..#
##.## ### #.# #..# #..# # #.##
##.#### #..# #


You could see Prince Ribbit.

Vanquished Creatures
  Edmund (D:4)
  4 ogres
  3 orc priests (D:4)
  Crazy Yiuf (D:3)
  2 orc wizards (D:4)
  Jessica (D:2)
  3 iguanas (D:4)
  Terence (D:2)
  Natasha (thrice) (D:3)
  2 worker ants
  A hound skeleton (D:4)
  10 adders
  A gnoll (D:1)
  A shadow imp (D:4)
  An adder skeleton (D:4)
  A worm (D:4)
  3 dart slugs
  A giant gecko (D:1)
  9 orcs
  2 ball pythons
  6 giant cockroaches
  7 goblins
  8 hobgoblins
  7 jackals
  10 kobolds
  6 bats
  A giant gecko zombie (D:4)
  3 giant newts
  2 rats
101 creatures vanquished.

Notes
Turn   | Place    | Note
--------------------------------------------------------------
     0 | D:1      | spiff the Halfling Warper began the quest for the Orb.
     0 | D:1      | Reached XP level 1. HP: 14/14 MP: 3/3
   270 | D:1      | Reached XP level 2. HP: 19/19 MP: 4/4
   524 | D:1      | Reached skill level 3 in Long Blades
   707 | D:1      | Reached XP level 3. HP: 22/24 MP: 5/5
  1186 | D:2      | Noticed Jessica
  1191 | D:2      | Killed Jessica
  1191 | D:2      | Reached skill level 4 in Long Blades
  1191 | D:2      | Reached XP level 4. HP: 29/29 MP: 6/6
  1677 | D:2      | Reached XP level 5. HP: 34/34 MP: 7/7
  1921 | D:2      | Noticed Terence
  1928 | D:2      | Killed Terence
  1928 | D:2      | Reached skill level 5 in Long Blades
  2026 | D:2      | Learned a level 2 spell: Shroud of Golubria
  2029 | D:2      | Learned a level 2 spell: Blink
  2273 | D:3      | Noticed Natasha
  2287 | D:3      | Killed Natasha
  2454 | D:3      | Reached XP level 6. HP: 30/39 MP: 5/8
  2659 | D:3      | Noticed Natasha
  2668 | D:3      | Killed Natasha
  2668 | D:3      | Reached skill level 6 in Long Blades
  2679 | D:3      | Noticed Natasha
  3050 | D:3      | Killed Natasha
  3266 | D:3      | Noticed an ogre
  3282 | D:3      | Killed an ogre
  3722 | D:3      | Noticed Crazy Yiuf
  3733 | D:3      | Killed Crazy Yiuf
  3733 | D:3      | Reached skill level 7 in Long Blades
  3733 | D:3      | Reached XP level 7. HP: 44/44 MP: 4/9
  4604 | D:4      | Found Joyr Tetz's Antique Armour Shoppe.
  4761 | D:4      | Noticed Edmund
  4789 | D:4      | Killed Edmund
  4789 | D:4      | Reached XP level 8. HP: 54/54 MP: 8/10
  4867 | D:4      | Reached skill level 5 in Fighting
  5924 | D:5      | Entered Level 5 of the Dungeon
  6137 | D:5      | Noticed Prince Ribbit
  6167 | D:5      | Gained mutation: You have a pair of small horns on your head. [potion of mutation]
  6167 | D:5      | Gained mutation: Your body sometimes deteriorates upon taking damage. [potion of mutation]
  6174 | D:5      | Reached skill level 5 in Dodging
  6504 | D:5      | Mangled by Prince Ribbit

Skill      XL: |  1  2  3  4  5  6  7  8 |
---------------+-------------------------+-----
Long Blades    | 3 4 5 7 |  7.0
Fighting       | 4 5 |  5.1
Dodging        | 5 |  5.0
Throwing       | |  1.1
Armour         | |  1.1
Spellcasting   | |  1.5
Translocations | |  3.2

Action                   |  1- 3 |  4- 6 |  7- 9 || total
-------------------------+-------+-------+-------++-------
Melee: Falchion          |    94 |   161 |   177 ||   432
       Headbutt          |       |       |     3 ||     3
 Cast: Shroud of Golubri |       |    11 |    15 ||    26
 Abil: Evoke Berserk Rag |     2 |    10 |     8 ||    20
Evoke: Wand              |       |       |     1 ||     1
  Use: Potion            |       |       |     2 ||     2
       Scroll            |       |       |     1 ||     1
 Stab: Sleeping          |     1 |       |       ||     1
  Eat: Chunk             |     2 |    12 |     9 ||    23
       Meat ration       |       |     1 |     1 ||     2
       Beef jerky        |       |       |     1 ||     1
Armor: Leather armour    |    23 |    22 |    16 ||    61
Dodge: Dodged            |    68 |   123 |   101 ||   292
